 Dungeon Crawl Stone Soup version 0.30.1-9-gdf580d7c3d (webtiles) character file.

Game seed: 9884283198775480499

23 monsoonserge the Gusty (level 2, 0/15 HPs)
             Began as a Tengu Air Elementalist on Oct 16, 2023.
             Killed from afar by Terence (10 damage)
             ... with a puff of flame
             ... on level 2 of the Dungeon.
             The game lasted 00:03:09 (1381 turns).

monsoonserge the Gusty (Tengu Air Elementalist)     Turns: 1381, Time: 00:03:09

Health: 0/15       AC:  3    Str:  8    XL:     2   Next: 95%
Magic:  3/6        EV: 12    Int: 15    God:
Gold:   61         SH:  0    Dex: 14    Spells: 4/5 levels left

rFire   . . .        g - +0 dagger
rCold   . . .        (no shield)
rNeg    . . .        i - +0 leather armour
rPois   .            (helmet restricted)
rElec   .            (no cloak)
rCorr   .            (no gloves)
SInv    .            (boots unavailable)
Will    .....        (no amulet)
Stlth   ++           (no ring)
HPRegen 0.22/turn    (no ring)
MPRegen 0.10/turn

%: no passive effects
@: no status effects
A: beak, talons 3
a: no special abilities


You were on level 2 of the Dungeon.
You visited 1 branch of the dungeon, and saw 2 of its levels.

You collected 61 gold pieces.

Inventory:

Hand Weapons
 g - a +0 dagger (weapon)
Missiles
 l - 5 javelins
Armour
 a - a +0 robe
 e - a +0 ring mail
 i - a +0 leather armour (worn)
 k - a +0 ring mail
Scrolls
 c - a scroll of noise {unknown}
 f - a scroll of vulnerability {unknown}
 h - 2 scrolls of blinking {unknown}
 j - a scroll of fog {unknown}
Potions
 b - a potion of magic
 d - a potion of curing
 m - a potion of heal wounds {unknown}


   Skills:
 * Level 0.6 Armour
 + Level 2.3 Dodging
 + Level 2.0 Stealth
 - Level 2.0 Spellcasting
 + Level 1.5 Conjurations
 + Level 5.0 Air Magic


You had 4 spell levels left.
You knew the following spells:

 Your Spells              Type           Power      Damage    Failure   Level
a - Shock                 Conj/Air       44%        1d5       9%          1

Your spell library contained the following spells:

 Spells                   Type           Power      Damage    Failure   Level
 Static Discharge         Conj/Air       22%        2-3/arc   12%         2
 Swiftness                Air            16%        N/A       12%         3
 Airstrike                Air            8%         2d(2-18)  36%         4


Dungeon Overview and Level Annotations

Branches:
Dungeon (2/15)

Altars:

Annotations:
D:2 Terence


Innate Abilities, Weirdness & Mutations

You have a beak for a mouth.
You have claws for feet.


Message History

Casting: Shock (safe; 9% risk of failure)
Confirm with . or Enter, or press ? or * to list all spells.
Aiming: Shock (safe; 9% risk of failure)
Press: ? - help, Shift-Dir - straight line, f - rat
Aim: a rat (wandering, hasn't noticed you, 68% to hit)
The zap hits the rat.
You kill the rat!
You start resting.
Magic restored.
Terence the Incautious comes into view.
He is wielding a +0 flail of venom, wearing a +3 scale mail of cold resistance and carrying a wand of flame (10).
Found a ring mail.
Terence shouts!
Terence zaps a wand.
The puff of flame hits you.
Casting: Shock (safe; 9% risk of failure)
Confirm with . or Enter, or press ? or * to list all spells.
Aiming: Shock (safe; 9% risk of failure)
Press: ? - help, Shift-Dir - straight line, f - Terence
Aim: Terence, wielding a +0 flail of venom, wearing a +3 scale mail of cold resistance and carrying a wand of flame (9) (72% to hit)
The zap misses Terence.
Terence zaps a wand.
The puff of flame misses you.
Casting: Shock (safe; 9% risk of failure)
Confirm with . or Enter, or press ? or * to list all spells.
Aiming: Shock (safe; 9% risk of failure)
Press: ? - help, Shift-Dir - straight line, f/p - Terence
Aim: Terence, wielding a +0 flail of venom, wearing a +3 scale mail of cold resistance and carrying a wand of flame (8) (72% to hit)
The zap misses Terence.
Terence zaps a wand.
The puff of flame hits you.
* * * LOW HITPOINT WARNING * * *
It was a potion of curing.
You feel better.
Casting: Shock (safe; 9% risk of failure)
Confirm with . or Enter, or press ? or * to list all spells.
Aiming: Shock (safe; 9% risk of failure)
Press: ? - help, Shift-Dir - straight line, f/p - Terence
Aim: Terence, wielding a +0 flail of venom, wearing a +3 scale mail of cold resistance and carrying a wand of flame (7) (72% to hit)
The zap hits Terence.
Terence is lightly wounded.
The zap hits Terence but does no damage.
Terence is lightly wounded.
Terence screams, "I'm going to kill you!"
Terence zaps a wand.
The puff of flame hits you!
Ouch! That really hurt!
You die...

#
#.......###.#........#
#
###..######..........#
# #.......####.######
............#
.######...### .# ###.#
#.# #.######
#@..†..### #@........
##........
#....@.........
..........#####
#.........#
##.######.. # ##. ..
######


You could see Terence.

Vanquished Creatures
  An adder (D:2)
  A dart slug (D:1)
  An endoplasm (D:2)
  A giant cockroach (D:2)
  2 hobgoblins (D:2)
  A ball python (D:1)
  2 bats (D:1)
  2 frilled lizards (D:1)
  2 rats (D:2)
13 creatures vanquished.

Notes
Turn   | Place    | Note
-------+----------+-------------------------------------------
     0 | D:1      | monsoonserge the Tengu Air Elementalist began the quest for
                  | the Orb.
     0 | D:1      | Reached XP level 1. HP: 10/10 MP: 4/4
   551 | D:1      | Reached XP level 2. HP: 15/15 MP: 3/6
  1291 | D:2      | Reached skill level 5 in Air Magic
  1317 | D:2      | Identified the +4 ring mail of Pathos {rElec rCorr Int-5
                  | Stlth+}
  1375 | D:2      | Noticed Terence
  1381 | D:2      | Killed from afar by Terence

Illustrated notes

Levels and vault maps discovered:
D:1:      lightli_arrival_isolated_outpost, layout_basic
D:2:      layout_basic, hellmonk_ecumenical_altar_blasted,
          mrwooster_statue_mirror, uniq_terence

Skill      XL: |  1  2 |
---------------+-------+-----
Air Magic      | 5 |  5.0
Armour         | |  0.6
Dodging        | |  2.3
Stealth        | |  2.0
Spellcasting   | |  2.0
Conjurations   | |  1.5

Action                     || total
---------------------------++-------
  Melee: Dagger            ||     2
   Cast: Shock             ||    27
    Use: Potion            ||     1
 Armour: Robe              ||     1
  Dodge: Dodged            ||     4
